 Dungeon Crawl Stone Soup version 0.30-b1-2-g02819fbbbe (webtiles) character file.

Game seed: 17288065417110152112

866 Metae the Trooper (level 7, -5/63 HPs)
             Began as a Minotaur Fighter on June 19, 2023.
             Was a Follower of Okawaru.
             Slain by a boulder beetle (13 damage)
             ... on level 6 of the Dungeon.
             The game lasted 00:15:03 (3949 turns).

Metae the Trooper (Minotaur Fighter)                Turns: 3949, Time: 00:15:04

Health: -5/63      AC:  8    Str: 23    XL:     7   Next: 72%
Magic:  7/7        EV:  9    Int:  5    God:    Okawaru [*.....]
Gold:   317        SH:  5    Dex:  9    Spells: 6/6 levels left

rFire   . . .        d - +2 war axe (vamp)
rCold   . . .        c - +0 buckler
rNeg    . . .        b - +0 scale mail
rPois   .            (helmet restricted)
rElec   .            t - +0 cloak
rCorr   .            (no gloves)
SInv    .            (no boots)
Will    +....        (no amulet) Stlth
                     e - ring of flight
HPRegen 0.30/turn    w - ring of willpower
MPRegen 0.10/turn

%: no passive effects
@: flying
A: horns 2, retaliatory headbutt
a: Renounce Religion, Heroism


You were on level 6 of the Dungeon.
You worshipped Okawaru.
Okawaru was aware of your devotion.
You visited 1 branch of the dungeon, and saw 6 of its levels.

You collected 317 gold pieces.

Inventory:

Hand Weapons
 a - a +0 war axe
 d - a +2 vampiric war axe (weapon)
Missiles
 m - 17 poisoned darts (quivered)
 o - 39 stones
 A - a throwing net
Armour
 b - a +0 scale mail (worn)
 c - a +0 buckler (worn)
 t - a +0 cloak (worn)
Jewellery
 e - a ring of flight (left hand)
 p - a ring of protection from cold
 s - a ring of resist corrosion
 w - a ring of willpower (right hand)
Wands
 C - a wand of quicksilver (7)
Scrolls
 f - a scroll of noise {unknown}
 i - a scroll of enchant armour {unknown}
 j - a scroll of vulnerability
 k - 2 scrolls of poison
 l - 2 scrolls of blinking
 r - 3 scrolls of teleportation
 v - 2 scrolls of amnesia
 y - a scroll of fear {unknown}
 z - a scroll of fog {unknown}
 F - a scroll of magic mapping {unknown}
Potions
 g - 6 potions of curing
 h - 2 potions of brilliance {unknown}
 n - a potion of magic {unknown}
 q - a potion of berserk rage {unknown}
 u - a potion of heal wounds {unknown}
 x - 4 potions of attraction {unknown}
 D - 2 potions of resistance {unknown}
 E - a potion of degeneration {unknown}


   Skills:
 + Level 6.2 Fighting
 + Level 5.5 Axes
 + Level 6.2 Armour
 + Level 6.1 Shields
 + Level 2.0 Invocations


You had 6 spell levels left.
You didn't know any spells.
Your spell library contained the following spells:

 Spells                   Type           Power      Damage    Failure   Level
 Ensorcelled Hibernation  Hex/Ice        0%         N/A       92%         2
 Passwall                 Tmut/Erth      0%         N/A       92%         2
 Swiftness                Air            0%         N/A       99%         3
 Passage of Golubria      Tloc           0%         N/A       100%        4
 Yara's Violent Unravell  Hex/Tmut       0%         3d3       100%        5
 Tukima's Dance           Hex            Unusable   N/A       N/A         3

Dungeon Overview and Level Annotations

Branches:
Dungeon (6/15)
 Temple: D:4-7

Altars:
Dithmenos
Gozag
Okawaru
Wu Jian
Yredelemnul

Annotations:
D:5 3 runed translucent doors, Discosetron's ghost, amateur KoEn


Innate Abilities, Weirdness & Mutations

You have a pair of horns on your head.
You reflexively headbutt those who attack you in melee.


Message History

An ufetubus comes into view.
The ufetubus shouts!
You miss the ufetubus. Your headbutt misses the ufetubus.
The ufetubus hits you. The ufetubus closely misses you.
You block the ufetubus's attack.
The ufetubus hits you but does no damage.
You slash the ufetubus!
You kill the ufetubus!
Okawaru accepts your kill.
You see here a staff of conjuration.
A boulder beetle comes into view.
Found three items.
Found a faded altar of an unknown god.
You slash the boulder beetle!
You headbutt the boulder beetle, but do no damage.
The boulder beetle is lightly wounded.
The boulder beetle bites you.
You hit the boulder beetle but do no damage.
The boulder beetle is lightly wounded.
The boulder beetle bites you!!
You hit the boulder beetle but do no damage.
The boulder beetle is lightly wounded.
The boulder beetle bites you but does no damage.
The boulder beetle bites you!
You are too injured to fight recklessly!
You are too injured to fight recklessly!
You are too injured to fight recklessly!
You are too injured to fight recklessly!
You hit the boulder beetle but do no damage.
You headbutt the boulder beetle, but do no damage.
The boulder beetle is lightly wounded.
The boulder beetle leaps!
You block the boulder beetle's attack. The boulder beetle bites you!!
* * * LOW HITPOINT WARNING * * *
You see here a scroll of identify.
You hit the boulder beetle but do no damage.
You headbutt the boulder beetle, but do no damage.
The boulder beetle is lightly wounded.
The boulder beetle bites you!
You die...

#### ##..### ### ###
#....~#####.###.####
#.._@B#.|.#........#
#....~.#.8.##8.#.#.#
##..##############.#
#### #####.# #.....#
##.##### ####### ###
#..# #.....# #.#
#.## #.....# #.# #.#


You could see a boulder beetle.

Vanquished Creatures
  An ogre (D:5)
  Blork the orc (D:4)
  2 scorpions
  2 orc priests (D:5)
  A jelly (D:5)
  Crazy Yiuf (D:2)
  A hound (D:4)
  3 iguanas
  5 orc wizards
  8 gnolls
  7 adders
  A shadow imp (D:5)
  2 ufetubi
  2 worms
  A dart slug (D:1)
  16 orcs
  3 endoplasms
  3 giant cockroaches
  3 goblins
  7 hobgoblins
  3 jackals (D:3)
  3 kobolds
  2 quokkas
  9 ball pythons
  2 bats (D:1)
  5 rats
94 creatures vanquished.

Notes
Turn   | Place    | Note
-------+----------+-------------------------------------------
     0 | D:1      | Metae the Minotaur Fighter began the quest for the Orb.
     0 | D:1      | Reached XP level 1. HP: 19/19 MP: 0/0
   116 | D:1      | Found a faded altar of an unknown god.
   128 | D:1      | Reached XP level 2. HP: 27/27 MP: 1/1
   765 | D:2      | Found a runed translucent door.
   766 | D:2      | Noticed Crazy Yiuf
  1239 | D:2      | Reached XP level 3. HP: 31/33 MP: 2/2
  1512 | D:2      | Killed Crazy Yiuf
  1648 | D:3      | Reached XP level 4. HP: 29/40 MP: 3/3
  2089 | D:4      | Reached XP level 5. HP: 29/47 MP: 4/4
  2314 | D:4      | Reached skill level 5 in Fighting
  2314 | D:4      | Reached skill level 5 in Armour
  2314 | D:4      | Reached skill level 5 in Shields
  2400 | D:4      | Found an ornate altar of the Wu Jian Council.
  2400 | D:4      | Noticed Blork the orc
  2417 | D:4      | Reached XP level 6. HP: 35/56 MP: 5/5
  2417 | D:4      | Killed Blork the orc
  2976 | D:4      | Found an iron altar of Okawaru.
  2976 | D:4      | Found a basalt altar of Yredelemnul.
  3074 | D:4      | Became a worshipper of Warmaster Okawaru
  3189 | D:4      | Found a shadowy altar of Dithmenos.
  3255 | D:5      | Entered Level 5 of the Dungeon
  3263 | D:5      | Reached skill level 5 in Axes
  3278 | D:5      | Reached XP level 7. HP: 61/62 MP: 6/6
  3345 | D:5      | Reached skill level 1 in Invocations
  3350 | D:5      | Found a runed translucent gate.
  3351 | D:5      | Found a runed translucent gate.
  3352 | D:5      | Found a runed translucent gate.
  3363 | D:5      | Found an opulent altar of Gozag.
  3365 | D:5      | Noticed Discosetron's ghost (amateur KoEn)
  3366 | D:5      | Noticed a kobold demonologist
  3830 | D:6      | Reached * piety under Okawaru
  3937 | D:6      | Found a faded altar of an unknown god.
  3937 | D:6      | Noticed a boulder beetle
  3937 | D:6      | Found the Hermit's Pendant {Faith Invo=14 Evo=0 MP+5}
  3949 | D:6      | Slain by a boulder beetle

Illustrated notes

Levels and vault maps discovered:
D:1:      dpeg_arrival_pond, layout_basic, ebering_ecumenical_altar_rust
D:2:      layout_basic, uniq_crazy_yiuf_cottage
D:3:      layout_rooms
D:4:      layout_loops_ring, lemuel_round_altar, nicolae_wu_jian_wuxing_cycle,
          gammafunk_temple_overflow_elements, uniq_blork_the_orc
D:5:      layout_gridville, ebering_ghost_gozag
D:6:      layout_rooms, hellmonk_guarded_unrand_hermit

Skill      XL: |  1  2  3  4  5  6  7 |
---------------+----------------------+-----
Armour         | 4 5 6 |  6.2
Fighting       | 4 5 6 |  6.2
Shields        | 4 5 6 |  6.1
Axes           | 3 4 5 |  5.5
Invocations    | 2 |  2.0

Action                     |  1- 3 |  4- 6 |  7- 9 || total
---------------------------+-------+-------+-------++-------
  Melee: War axe           |    59 |   117 |    48 ||   224
         Headbutt          |    11 |    23 |     8 ||    42
    Use: Scroll            |     2 |     2 |     2 ||     6
         Potion            |       |     1 |       ||     1
 Armour: Scale mail        |    18 |    60 |    25 ||   103
  Dodge: Dodged            |    24 |    54 |    25 ||   103
  Block: Buckler           |    13 |    19 |    18 ||    50
